PL
CHICAGO GOLD SOX @ BOSTON PATRIOTS
08/11/2022
 
TOP OF THE 1ST
Chicago Gold Sox batting - Pitching for Boston Patriots : RHP Sozen Raikatuji
Pitching: RHP Sozen Raikatuji
Batting: LHB Noel Ballard 0-0: Ball
1-0: Foul Ball, location: 2F
1-1: Called Strike
1-2: Ball
2-2: Ball
3-2: SINGLE (Groundball, 34D)
Batting: LHB Melvin Castro 0-0: Foul Ball, location: 2F
0-1: Ball
1-1: Foul Ball, location: 2F
1-2: Foul Ball, location: 2F
1-2: Ball
2-2: Fly out, F7 (Flyball, 7M)
Batting: LHB Michael Neely 0-0: Ball
Noel Ballard steals 2nd base
1-0: Ground out 6-3 (Groundball, 6M)
Noel Ballard to third
Batting: LHB Chris Gregory 0-0: Called Strike
0-1: Called Strike
0-2: Foul Ball, location: 2F
0-2: Ball
1-2: Strikes out swinging
Top of the 1st over - 0 run(s), 1 hit(s), 0 error(s), 1 left on base; Chicago 0 - Boston 0
BOTTOM OF THE 1ST
Boston Patriots batting - Pitching for Chicago Gold Sox : RHP Raúl Areola
Pitching: RHP Raúl Areola
Batting: RHB Tamasaburo Kato 0-0: Foul Ball, location: 2F
0-1: Ball
1-1: Foul Ball, location: 2F
1-2: Foul Ball, location: 2F
1-2: Ball
2-2: Ground out 4-3 (Groundball, 4M)
Batting: RHB Wilfred McLaughlin 0-0: Fly out, F4 (Popup, 34D)
Batting: RHB Terry Armstrong 0-0: Ball
1-0: SINGLE (Flyball, 9S)
Batting: LHB Bill Chambers 0-0: Called Strike
0-1: Ball
1-1: Fielders Choice at 2nd, U4 (Groundball, 4M)
Bottom of the 1st over - 0 run(s), 1 hit(s), 0 error(s), 1 left on base; Chicago 0 - Boston 0
TOP OF THE 2ND
Chicago Gold Sox batting - Pitching for Boston Patriots : RHP Sozen Raikatuji
Batting: LHB Michael Greene 0-0: Foul Ball, location: 2F
0-1: Foul Ball, location: 2F
0-2: Ball
1-2: Ball
2-2: Strikes out swinging
Batting: LHB Sam Good 0-0: Ball
1-0: Called Strike
1-1: Foul Ball, location: 2F
1-2: Ball
2-2: Foul Ball, location: 2F
2-2: Ground out 4-3 (Groundball, 4)
Batting: RHB Rod Jones 0-0: Ground out 6-3 (Groundball, 4M)
Top of the 2nd over - 0 run(s), 0 hit(s), 0 error(s), 0 left on base; Chicago 0 - Boston 0
BOTTOM OF THE 2ND
Boston Patriots batting - Pitching for Chicago Gold Sox : RHP Raúl Areola
Batting: RHB Tommy Jones 0-0: Foul Ball, location: 2F
0-1: SOLO HOME RUN (Flyball, 78XD), Distance : 422 ft
Batting: LHB Chad Armstrong 0-0: Ball
1-0: Foul Ball, location: 2F
1-1: Foul Ball, location: 2F
1-2: Foul Ball, location: 2F
1-2: Foul Ball, location: 2F
1-2: Ball
2-2: Fly out, F8 (Flyball, 8LXD)
Batting: RHB John MacGregor 0-0: Ball
1-0: Called Strike
1-1: Ground out 1-3 (Groundball, 13S)
Batting: RHB Karl Schultz 0-0: Ground out 1-3 (Groundball, 13)
Bottom of the 2nd over - 1 run(s), 1 hit(s), 0 error(s), 0 left on base; Chicago 0 - Boston 1
TOP OF THE 3RD
Chicago Gold Sox batting - Pitching for Boston Patriots : RHP Sozen Raikatuji
Batting: LHB Eddie Flynn 0-0: Ball
1-0: Called Strike
1-1: Called Strike
1-2: DOUBLE (Flyball, 8LXD)
Batting: RHB David Edwards 0-0: Ball
1-0: Foul Ball, location: 2F
1-1: Fly out, F3 (Popup, 3SF)
Batting: LHB Noel Ballard 0-0: Ball
1-0: Ball
2-0: Called Strike
2-1: Ball
3-1: Called Strike
3-2: Ground out U3 (Groundball, 3)
Eddie Flynn to third
Batting: LHB Melvin Castro 0-0: Called Strike
0-1: Foul Ball, location: 2F
0-2: Foul Ball, location: 2F
0-2: Ball
1-2: Ball
2-2: DOUBLE (Line Drive, 8RS)
Eddie Flynn scores
Batting: LHB Michael Neely 0-0: Ball
1-0: Ball
2-0: Ball
3-0: Base on Balls
Batting: LHB Chris Gregory 0-0: Ball
1-0: Foul Ball, location: 2F
1-1: Ball
2-1: Called Strike
2-2: Foul Ball, location: 2F
2-2: Ball
3-2: Ground out 1-3 (Groundball, 13S)
Top of the 3rd over - 1 run(s), 2 hit(s), 0 error(s), 2 left on base; Chicago 1 - Boston 1
BOTTOM OF THE 3RD
Boston Patriots batting - Pitching for Chicago Gold Sox : RHP Raúl Areola
Batting: RHB Enrique Pérez 0-0: Foul Ball, location: 2F
0-1: Ball
1-1: Ground out 6-3 (Groundball, 6M)
Batting: RHB Tamasaburo Kato 0-0: Ball
1-0: Ball
2-0: Called Strike
2-1: Foul Ball, location: 2F
2-2: Foul Ball, location: 2F
2-2: Ball
3-2: Base on Balls
Batting: RHB Wilfred McLaughlin 0-0: Foul Ball, location: 2F
0-1: Swinging Strike
0-2: Strikes out swinging
Batting: RHB Terry Armstrong 0-0: Ball
1-0: Ball
2-0: Ball
3-0: Called Strike
3-1: Foul Ball, location: 2F
3-2: Base on Balls
Tamasaburo Kato to second
Batting: LHB Bill Chambers 0-0: Foul Ball, location: 2F
0-1: Ball
1-1: Foul Ball, location: 2F
1-2: Foul Ball, location: 2F
1-2: Ball
2-2: Ball
3-2: Base on Balls
Tamasaburo Kato to third
Terry Armstrong to second
Batting: RHB Tommy Jones 0-0: Foul Ball, location: 2F
0-1: SINGLE (Groundball, 6MD)
Tamasaburo Kato scores
Terry Armstrong to third
Bill Chambers to second
Runner from 3rd tries for Home, SAFE, throw made home
Bill Chambers to third
Tommy Jones to second
Batting: LHB Chad Armstrong 0-0: Ball
1-0: Called Strike
1-1: Ground out 3-1 (Groundball, 3L)
Bottom of the 3rd over - 2 run(s), 1 hit(s), 0 error(s), 2 left on base; Chicago 1 - Boston 3
TOP OF THE 4TH
Chicago Gold Sox batting - Pitching for Boston Patriots : RHP Sozen Raikatuji
Batting: LHB Michael Greene 0-0: Called Strike
0-1: Foul Ball, location: 2F
0-2: Ball
1-2: Foul Ball, location: 2F
1-2: Foul Ball, location: 2F
1-2: Fly out, F3 (Line Drive, 34)
Batting: LHB Sam Good 0-0: Foul Ball, location: 2F
0-1: Foul Ball, location: 2F
0-2: Ball
1-2: SINGLE (Line Drive, 34)
Batting: RHB Rod Jones 0-0: DOUBLE (Groundball, 5L)
Sam Good to third
Pitching: RHP Devin Hinton
Batting: LHB Eddie Flynn 0-0: Ball
1-0: Fly out, F3 (Popup, 3SF)
Batting: RHB David Edwards 0-0: Ball
1-0: Foul Ball, location: 2F
1-1: Ground out 6-3 (Groundball, 6M)
Top of the 4th over - 0 run(s), 2 hit(s), 0 error(s), 2 left on base; Chicago 1 - Boston 3
BOTTOM OF THE 4TH
Boston Patriots batting - Pitching for Chicago Gold Sox : RHP Raúl Areola
Batting: RHB John MacGregor 0-0: Swinging Strike
0-1: Called Strike
0-2: Foul Ball, location: 2F
0-2: Strikes out swinging
Batting: RHB Karl Schultz 0-0: Ball
1-0: Swinging Strike
1-1: Ball
2-1: Foul Ball, location: 2F
2-2: Fly out, F8 (Flyball, 8RM)
Batting: RHB Enrique Pérez 0-0: Ball
1-0: Ball
2-0: Called Strike
2-1: Ball
3-1: Base on Balls
Batting: RHB Tamasaburo Kato 0-0: Foul Ball, location: 2F
0-1: Ball
1-1: Ball
2-1: DOUBLE (Groundball, 5L)
Enrique Pérez to third
Batting: RHB Wilfred McLaughlin 0-0: Foul Ball, location: 2F
0-1: Swinging Strike
0-2: SINGLE (Line Drive, 6D)
Enrique Pérez scores
Tamasaburo Kato to third
Runner from 3rd tries for Home, SAFE, no throw or cutoff
Pitching: RHP Michael Battle
Batting: RHB Terry Armstrong 0-0: Ball
1-0: Foul Ball, location: 2F
1-1: Ball
2-1: Ball
3-1: Foul Ball, location: 2F
3-2: Foul Ball, location: 2F
3-2: Fly out, F7 (Flyball, 7S)
Bottom of the 4th over - 2 run(s), 2 hit(s), 0 error(s), 1 left on base; Chicago 1 - Boston 5
TOP OF THE 5TH
Chicago Gold Sox batting - Pitching for Boston Patriots : RHP Devin Hinton
Batting: LHB Noel Ballard 0-0: Ball
1-0: Ball
2-0: Foul Ball, location: 2F
2-1: Called Strike
2-2: Ball
3-2: Strikes out swinging
Batting: LHB Melvin Castro 0-0: Ball
1-0: Foul Ball, location: 2F
1-1: Swinging Strike
1-2: Ball
2-2: SINGLE (Flyball, 78S)
Batting: LHB Michael Neely 0-0: Called Strike
0-1: Ball
1-1: Ball
2-1: Ball
3-1: Base on Balls
Melvin Castro to second
Batting: LHB Chris Gregory 0-0: Ball
1-0: Called Strike
1-1: Called Strike
1-2: SINGLE (Line Drive, 78S)
Melvin Castro to third
Michael Neely to second
Batting: LHB Michael Greene 0-0: Ball
1-0: Foul Ball, location: 2F
1-1: Foul Ball, location: 2F
1-2: Ball
2-2: SINGLE (Groundball, 4MD)
Melvin Castro scores
Michael Neely to third
Chris Gregory to second
Runner from 3rd tries for Home, SAFE, throw made home
Chris Gregory to third
Michael Greene to second
Batting: LHB Sam Good 0-0: Called Strike
0-1: Called Strike
0-2: Foul Ball, location: 2F
0-2: Strikes out swinging
Batting: RHB Rod Jones 0-0: Ground out 5-3 (Groundball, 5S)
Top of the 5th over - 2 run(s), 3 hit(s), 0 error(s), 2 left on base; Chicago 3 - Boston 5
BOTTOM OF THE 5TH
Boston Patriots batting - Pitching for Chicago Gold Sox : RHP Michael Battle
Batting: LHB Bill Chambers 0-0: Ball
1-0: Fly out, F7 (Flyball, 78S)
Batting: RHB Tommy Jones 0-0: Foul Ball, location: 2F
0-1: Foul Ball, location: 2F
0-2: Ground out 5-3 (Groundball, 5L)
Batting: LHB Chad Armstrong 0-0: Called Strike
0-1: Swinging Strike
0-2: Ground out 4-3 (Groundball, 4)
Bottom of the 5th over - 0 run(s), 0 hit(s), 0 error(s), 0 left on base; Chicago 3 - Boston 5
TOP OF THE 6TH
Chicago Gold Sox batting - Pitching for Boston Patriots : RHP Devin Hinton
Pitching: LHP John Coleman
Batting: LHB Eddie Flynn 0-0: SINGLE (Line Drive, 9LS)
Batting: RHB David Edwards 0-0: Ball
1-0: Called Strike
1-1: Ball
2-1: Foul Ball, location: 2F
2-2: DOUBLE (Line Drive, 5D)
Eddie Flynn to third
Batting: LHB Noel Ballard 0-0: Swinging Strike
0-1: Foul Ball, location: 2F
0-2: Foul Ball, location: 2F
0-2: Ball
1-2: Foul Ball, location: 2F
1-2: Ball
2-2: Strikes out looking
Batting: LHB Melvin Castro 0-0: Ball
1-0: Called Strike
1-1: Ball
2-1: Ball
3-1: SINGLE (Line Drive, 34)
Eddie Flynn scores
David Edwards to third
Batting: LHB Michael Neely 0-0: Called Strike
0-1: Ball
1-1: Foul Ball, location: 2F
1-2: Strikes out looking
Batting: LHB Chris Gregory 0-0: Ball
1-0: Foul Ball, location: 2F
1-1: Swinging Strike
1-2: Ground out 4-3 (Groundball, 4)
Top of the 6th over - 1 run(s), 3 hit(s), 0 error(s), 2 left on base; Chicago 4 - Boston 5
BOTTOM OF THE 6TH
Boston Patriots batting - Pitching for Chicago Gold Sox : RHP Michael Battle
Batting: RHB John MacGregor 0-0: Swinging Strike
0-1: Ball
1-1: Ball
2-1: Fly out, F6 (Line Drive, 6M)
Batting: RHB Karl Schultz 0-0: Ball
1-0: Called Strike
1-1: Ball
2-1: Ball
3-1: Fly out, F9 (Flyball, 9LMF)
Batting: RHB Enrique Pérez 0-0: Ball
1-0: Swinging Strike
1-1: Ball
2-1: Called Strike
2-2: Ball
3-2: Foul Ball, location: 2F
3-2: Foul Ball, location: 2F
3-2: Base on Balls
Batting: RHB Tamasaburo Kato 0-0: Ball
1-0: Foul Ball, location: 2F
1-1: Swinging Strike
1-2: Strikes out swinging
Bottom of the 6th over - 0 run(s), 0 hit(s), 0 error(s), 1 left on base; Chicago 4 - Boston 5
TOP OF THE 7TH
Chicago Gold Sox batting - Pitching for Boston Patriots : LHP John Coleman
Batting: LHB Michael Greene 0-0: Called Strike
0-1: Fly out, F8 (Flyball, 8LM)
Pitching: RHP Kyung-un Yi
Batting: LHB Sam Good 0-0: Swinging Strike
0-1: Foul Ball, location: 2F
0-2: Ball
1-2: Ground out 6-3 (Groundball, 6M)
Batting: RHB Rod Jones 0-0: Ball
1-0: Foul Ball, location: 2F
1-1: SINGLE (Groundball, 56D) (infield hit)
Batting: LHB Eddie Flynn 0-0: Ball
Rod Jones steals 2nd base
1-0: Called Strike
1-1: Called Strike
1-2: Ball
2-2: Strikes out swinging
Top of the 7th over - 0 run(s), 1 hit(s), 0 error(s), 1 left on base; Chicago 4 - Boston 5
BOTTOM OF THE 7TH
Boston Patriots batting - Pitching for Chicago Gold Sox : RHP Michael Battle
Batting: RHB Wilfred McLaughlin 0-0: Ball
1-0: Ball
2-0: Ball
3-0: Base on Balls
Batting: RHB Terry Armstrong 0-0: Called Strike
0-1: Foul Ball, location: 2F
0-2: Ball
1-2: Grounds into double play, 4-6-3 (Groundball, 4)
Batting: LHB Bill Chambers 0-0: Ball
1-0: Fly out, F7 (Flyball, 7D)
Bottom of the 7th over - 0 run(s), 0 hit(s), 0 error(s), 0 left on base; Chicago 4 - Boston 5
TOP OF THE 8TH
Chicago Gold Sox batting - Pitching for Boston Patriots : RHP Kyung-un Yi
Batting: RHB David Edwards 0-0: Ball
1-0: Ball
2-0: Ground out 4-3 (Groundball, 34)
Batting: LHB Noel Ballard 0-0: Foul Ball, location: 2F
0-1: Swinging Strike
0-2: Ball
1-2: Ball
2-2: Foul Ball, location: 2F
2-2: Fly out, F8 (Flyball, 89M)
Batting: LHB Melvin Castro 0-0: Foul Ball, location: 2F
0-1: Called Strike
0-2: Strikes out swinging
Top of the 8th over - 0 run(s), 0 hit(s), 0 error(s), 0 left on base; Chicago 4 - Boston 5
BOTTOM OF THE 8TH
Boston Patriots batting - Pitching for Chicago Gold Sox : RHP Michael Battle
Batting: RHB Tommy Jones 0-0: Called Strike
0-1: Foul Ball, location: 2F
0-2: Ground out 6-3 (Groundball, 6)
Batting: LHB Chad Armstrong 0-0: Called Strike
0-1: Foul Ball, location: 2F
0-2: Foul Ball, location: 2F
0-2: Reached on error, E4 (Groundball, 13)
Batting: RHB John MacGregor 0-0: Called Strike
0-1: Ball
1-1: Ground out 5-3 (Groundball, 56)
Batting: RHB Karl Schultz 0-0: Ball
1-0: Foul Ball, location: 2F
1-1: Ball
2-1: Called Strike
2-2: Ball
3-2: Ground out 5-3 (Groundball, 5S)
Bottom of the 8th over - 0 run(s), 0 hit(s), 1 error(s), 1 left on base; Chicago 4 - Boston 5
TOP OF THE 9TH
Chicago Gold Sox batting - Pitching for Boston Patriots : RHP Kyung-un Yi
Pitching: RHP Edgardo Marín
Batting: LHB Chris Hill 0-0: Ball
1-0: Called Strike
1-1: Ground out U3 (Groundball, 3S)
Batting: LHB Chris Gregory 0-0: Ball
1-0: Ball
2-0: Ball
3-0: Called Strike
3-1: Fly out, F8 (Flyball, 8LS)
Batting: LHB Michael Greene 0-0: Ball
1-0: Ground out 4-3 (Groundball, 4M)
Top of the 9th over - 0 run(s), 0 hit(s), 0 error(s), 0 left on base; Chicago 4 - Boston 5
This league is powered by Out of the Park Baseball, the baseball management simulation game for PC, Mac and Linux
Friday, April 15th, 2016 - OOTP Baseball 16.9 Build 39